 Dungeon Sprint DCSS version 0.31-a0-7-g51783674b7 (webtiles) character file.

Game seed: 15805583913100182277

422 sircluck the Grappler (level 6, -10/71 HPs)
             Began as a Troll Berserker on May 5, 2023.
             Was an Elder of Trog.
             Mangled by a shadow (31 damage)
             ... in the Dungeon (Sprint IX: "|||||||||||||||||||||||||||||").
             The game lasted 00:00:38 (126 turns).

sircluck the Grappler (Troll Berserker)              Turns: 126, Time: 00:00:38

Health: -10/71     AC:  4    Str: 28    XL:     6   Next: 63%
Magic:  5/5        EV: 12    Int:  6    God:    Trog [****..]
Gold:   0          SH:  0    Dex: 12    Spells: 5/5 levels left

rFire   . .          .
                       - Unarmed
rCold   . . .        (no shield)
rNeg    . . .        a - +0 animal skin
rPois   .            (helmet restricted)
rElec   .            (no cloak)
rCorr   .            (gloves unavailable)
SInv    .            (boots unavailable)
Will    .....        (no amulet)
Stlth   +            j - +3 ring of intelligence
HPRegen 1.11/turn    k - +3 ring of dexterity
MPRegen 0.09/turn

%: no teleportation
@: no status effects
A: large, unfitting armour, claws 3, regeneration 1, shaggy fur 1, tough skin 1
a: Renounce Religion, Berserk, Trog's Hand, Brothers in Arms


You were in the Dungeon.
You worshipped Trog.
Trog was greatly pleased with you.
You visited 1 branch

Inventory:

Armour
 a - a +0 animal skin (worn)
Jewellery
 j - a +3 ring of intelligence (left claw)
 k - a +3 ring of dexterity (right claw)
Wands
 i - a wand of acid (10)
Scrolls
 g - 2 scrolls of blinking
Potions
 b - 5 potions of curing
 c - 3 potions of heal wounds
 d - a potion of haste
 e - 4 potions of magic
 f - a potion of berserk rage
 h - a potion of invisibility


   Skills:
 + Level 7.1 Fighting
 + Level 6.8 Dodging
 + Level 9.8 Unarmed Combat


You had 5 spell levels left.
You didn't know any spells.
Your spell library was empty.

Dungeon Overview and Level Annotations

Branches:
Dungeon (1/1)

Altars:
Cheibriados
Dithmenos
Elyvilon
Fedhas
Gozag
Hepliaklqana
Kikubaaqudgha
Makhleb
Nemelex Xobeh
Okawaru
Qazlal
Ru
Sif Muna
Trog
Uskayaw
Vehumet
Wu Jian
Xom
Yredelemnul
Zin
The Shining One
Jiyva
Lugonu


Innate Abilities, Weirdness & Mutations

You are too large for most types of armour.
You have claws for hands.
Your natural rate of healing is unusually fast.
You are covered in fur. (AC +1)
You have tough skin. (AC +1)


Message History

The vampire mosquito is moderately damaged.
You feel yourself speed up. The vampire mosquito misses you.
The vampire mosquito bites you but does no damage.
Unknown command.
You scratch the vampire mosquito.
The vampire mosquito is moderately damaged.
The vampire mosquito closely misses you.
The vampire mosquito barely misses you.
Unknown command.
You scratch the vampire mosquito but do no damage.
The vampire mosquito is moderately damaged.
The vampire mosquito bites you!
* * * LOW HITPOINT WARNING * * *
The vampire mosquito draws strength from your injuries!
The vampire mosquito bites you but does no damage.
Unknown command.
You closely miss the vampire mosquito.
The vampire mosquito is lightly damaged.
The vampire mosquito closely misses you.
Unknown command.
You miss the vampire mosquito.
The vampire mosquito is lightly damaged.
The vampire mosquito barely misses you. The vampire mosquito bites you.
* * * LOW HITPOINT WARNING * * *
The vampire mosquito draws strength from your injuries!
Unknown command.
You claw the vampire mosquito!
The vampire mosquito is heavily damaged.
The vampire mosquito bites you but does no damage.
Unknown command.
You mangle the vampire mosquito!!
You destroy the vampire mosquito!
Trog accepts your kill.
Your Fighting skill increases to level 7!
Your Unarmed Combat skill increases to level 9!
Unknown command.
You miss something.
The shadow strikes at you from the darkness!
You die... ▓▓▓▓▓▓▓▓▓▓▓▓▓▓▓▓▓▓▓▓▓▓▓▓ +...yl[@..[[[.)?.'______ ▓▓▓▓▓▓▓▓▓▓▓▓▓▓▓▓▓▓▓▓▓▓▓▓

You could see a wyvern and a killer bee.

Vanquished Creatures
  A wraith (D)
  A vampire mosquito (D)
  An acid dragon (D)
  An iguana (D)
  A gnoll (D)
  2 adders (D)
  2 ball pythons (D)
  2 endoplasms (D)
  A goblin (D)
  A quokka (D)
13 creatures vanquished.

Notes
Turn   | Place    | Note
-------+----------+-------------------------------------------
     0 | D        | sircluck the Troll Berserker began the quest for the Orb.
     0 | D        | Reached XP level 1. HP: 22/22 MP: 0/0
     9 | D        | Reached ** piety under Trog
    29 | D        | Noticed an iguana
    30 | D        | Reached *** piety under Trog
    31 | D        | Reached skill level 4 in Unarmed Combat
    31 | D        | Reached XP level 2. HP: 31/31 MP: 1/1
    40 | D        | Reached XP level 3. HP: 39/39 MP: 2/2
    44 | D        | Reached **** piety under Trog
    45 | D        | Reached skill level 5 in Unarmed Combat
    66 | D        | Found a snail-covered altar of Cheibriados.
    66 | D        | Found a shadowy altar of Dithmenos.
    66 | D        | Found a white marble altar of Elyvilon.
    66 | D        | Found a blossoming altar of Fedhas.
    66 | D        | Found an opulent altar of Gozag.
    67 | D        | Found a hazy altar of Hepliaklqana.
    68 | D        | Found a viscous altar of Jiyva.
    69 | D        | Found an ancient bone altar of Kikubaaqudgha.
    70 | D        | Found a corrupted altar of Lugonu.
    71 | D        | Found a burning altar of Makhleb.
    72 | D        | Found a sparkling altar of Nemelex Xobeh.
    73 | D        | Found an iron altar of Okawaru.
    74 | D        | Found a stormy altar of Qazlal.
    75 | D        | Found a sacrificial altar of Ru.
    76 | D        | Found a shimmering blue altar of Sif Muna.
    77 | D        | Found a bloodstained altar of Trog.
    78 | D        | Found a hide-covered altar of Uskayaw.
    79 | D        | Found a radiant altar of Vehumet.
    80 | D        | Found an ornate altar of the Wu Jian Council.
    81 | D        | Found a shimmering altar of Xom.
    82 | D        | Found a basalt altar of Yredelemnul.
    83 | D        | Found a glowing silver altar of Zin.
    84 | D        | Found a glowing golden altar of the Shining One.
   112 | D        | Noticed a killer bee
   112 | D        | Noticed a wyvern
   112 | D        | Noticed a shadow
   112 | D        | Noticed a vampire mosquito
   112 | D        | Noticed an acid dragon
   112 | D        | Noticed a wraith
   114 | D        | Killed a wraith
   115 | D        | Reached skill level 5 in Fighting
   115 | D        | Reached skill level 5 in Dodging
   115 | D        | Reached skill level 7 in Unarmed Combat
   115 | D        | Reached XP level 4. HP: 40/52 MP: 3/3
   115 | D        | Reached XP level 5. HP: 45/59 MP: 4/4
   117 | D        | Killed an acid dragon
   118 | D        | Reached skill level 8 in Unarmed Combat
   118 | D        | Reached XP level 6. HP: 46/68 MP: 5/5
   125 | D        | Killed a vampire mosquito
   126 | D        | Reached skill level 9 in Unarmed Combat
   126 | D        | Mangled by a shadow

Illustrated notes

Levels and vault maps discovered:
D:        linesprint [early_d, line_temple, items_1, d_10, items_2, lair_1,
          lair_end, items_3, orc_1, orc_end, items_4, d_15, swamp_1, shoals_1,
          snake_1, spider_1, d_20, vaults_1, items_5, swamp_end, shoals_end,
          snake_end, spider_end, vaults_end, d_27, items_6, zot_1, zot_end,
          crypt_end, forest_end, elf_end, slime_end, tomb_end, abyss_end,
          pan_hell_end]

Skill      XL: |  1  2  3  4  5  6 |
---------------+-------------------+-----
Fighting       | 3 5 6 7 |  7.1
Dodging        | 3 5 6 |  6.8
Unarmed Combat | 4 7 8 9 |  9.8

Action                     |  1- 3 |  4- 6 || total
---------------------------+-------+-------++-------
  Melee: Unarmed           |    23 |    11 ||    34
         Punch             |     1 |       ||     1
 Armour: Animal skin       |     3 |     4 ||     7
  Dodge: Dodged            |     7 |     9 ||    16

Table legend: (Time is in decaauts)
 A = Elapsed time spent in this place.
 B = Non-inter-level travel time spent in this place.
 C = Inter-level travel time spent in this place.
 D = Time resting spent in this place.
 E = Time spent auto-exploring this place.
 F = Levels seen in this place.
 G = Mean time per level.
                   A        B        C        D        E       F      G
               +--------+--------+--------+--------+--------+-----+--------+
         Total |    124 |    124 |      0 |      0 |      3 |   1 |  124.0 |
       Dungeon |    124 |    124 |      0 |      0 |      3 |   1 |  124.0 |
               +--------+--------+--------+--------+--------+-----+--------+

Top non-repeatable levels by time:
       D: 124 daAuts
